 Dungeon Crawl Stone Soup version 0.29-a0-330-g52719c12eb (webtiles) character file.

Game seed: 7861114950057002734

324 kae the Sneak (level 6, 0/28 HPs)
             Began as a Spriggan Enchanter on Apr 23, 2022.
             Succumbed to a goblin's poison
             ... on level 3 of the Dungeon.
             The game lasted 00:02:44 (4190 turns).

kae the Sneak (Spriggan Enchanter)                  Turns: 4190, Time: 00:02:45

Health: 0/28       AC:  3    Str:  6    XL:     6   Next: 23%
Magic:  7/12       EV: 18    Int: 17    God:
Gold:   93         SH:  0    Dex: 15    Spells: 10/12 levels left

rFire   . . .      SeeInvis +   h - +2 dagger (speed)
rCold   . . .      Faith    .   (no shield)
rNeg    . . .      Spirit   .   b - +0 robe
rPois   .          Reflect  .   (helmet restricted)
rElec   .          Harm     .   j - +0 cloak
rCorr   .          Rampage  .   (gloves unavailable)
Will    +....                   (boots unavailable)
Stlth   +++.......              d - amulet of the acrobat
HPRegen 0.09/turn               (no ring)
MPRegen 0.13/turn               (no ring)

@: mighty, lethally poisoned (0 -> -10), very slightly contaminated, very quick
A: very small, no large weapons, unfitting armour, see invisible, speed 3
a: no special abilities


You were on level 3 of the Dungeon.
You visited 1 branch of the dungeon, and saw 3 of its levels.

You collected 93 gold pieces.

Inventory:

Hand Weapons
 a - a +1 dagger
 h - a +2 dagger of speed (weapon)
Armour
 b - a +0 robe (worn)
 j - a +0 cloak (worn)
Jewellery
 d - an amulet of the acrobat (around neck)
 l - a ring of flight
 s - a ring of willpower
Wands
 t - a wand of flame (6)
Scrolls
 e - 3 scrolls of enchant armour {unknown}
 f - 3 scrolls of torment {unknown}
 g - a scroll of identify {unknown}
 m - a scroll of summoning {unknown}
 n - a scroll of noise {unknown}
 o - 2 scrolls of blinking {unknown}
 q - a scroll of immolation {unknown}
Potions
 c - 2 potions of invisibility
 k - a potion of lignification {unknown}
 p - a potion of attraction {unknown}
 r - a potion of curing {unknown}


   Skills:
 * Level 3.6 Short Blades
 + Level 4.0 Dodging
 + Level 5.7 Stealth
 + Level 3.6 Spellcasting
 + Level 4.5 Hexes
 * Level 2.1 Ice Magic


You had 10 spell levels left.
You knew the following spells:

 Your Spells              Type           Power      Damage    Failure   Level
a - Ensorcelled Hibernat  Hex/Ice        28%        N/A       6%          2

Your spell library contained the following spells:

 Spells                   Type           Power      Damage    Failure   Level
 Confusing Touch          Hex            18%        N/A       8%          3
 Tukima's Dance           Hex            18%        N/A       8%          3
 Foxfire                  Conj/Fire      12%        2x1d4     17%         1
 Magic Dart               Conj           12%        1d3       17%         1
 Dazzling Flash           Conj/Hex       20%        N/A       19%         3
 Inner Flame              Hex/Fire       10%        N/A       19%         3
 Passwall                 Tmut/Erth      2%         N/A       26%         2
 Searing Ray              Conj           6%         2d4       26%         2
 Static Discharge         Conj/Air       3%         N/A       26%         2
 Conjure Flame            Conj/Fire      3%         6-21      45%         3
 Swiftness                Air            3%         N/A       45%         3
 Fulminant Prism          Conj/Hex       5%         3d7       54%         4
 Dispel Undead            Necr           3%         3d7       86%         4
 Flame Wave               Conj/Fire      3%         2d4       86%         4
 Sticky Flame             Conj/Fire      3%         2d3       86%         4
 Conjure Ball Lightning   Conj/Air       1%         3x3d6     100%        6
 Discord                  Hex            9%         N/A       100%        8
 Disjunction              Tloc           1%         N/A       100%        8


Dungeon Overview and Level Annotations

Branches:
Dungeon (3/15)

Altars:

Annotations:
D:3 Robin


Innate Abilities, Weirdness & Mutations

You are very small and have problems with some larger weapons.
You are too small for most types of armour.
You have supernaturally acute eyesight. (SInv)
You cover ground extremely quickly. (Speed+++)


Message History

Robin roars a battlecry!
The goblin goes into a battle-frenzy!
There are monsters nearby!
You see here a +0 club.
Robin throws the goblin at you!
The goblin hits you with a +1 dagger of venom.
You are poisoned.
Casting: Ensorcelled Hibernation (safe; 6% risk of failure)
Confirm with . or Enter, or press ? or * to list all spells.
Aiming: Ensorcelled Hibernation (safe; 6% risk of failure)
Press: ? - help, Shift-Dir - straight line, f - goblin
Aim: a goblin, wielding a +1 dagger of venom (strong, chance to affect: 65%)
You miscast Ensorcelled Hibernation.
You are very lightly contaminated with residual magic.
Nothing appears to happen.
You feel very sick.
The goblin hits you with a +1 dagger of venom.
You are lethally poisoned!
Casting: Ensorcelled Hibernation (safe; 6% risk of failure)
Confirm with . or Enter, or press ? or * to list all spells.
Aiming: Ensorcelled Hibernation (safe; 6% risk of failure)
Press: ? - help, Shift-Dir - straight line, f/p - goblin
Aim: a goblin, wielding a +1 dagger of venom (strong, chance to affect: 65%)
The goblin looks drowsy...
You feel very sick.
The helpless goblin fails to defend itself.
You impale the goblin!!
You kill the goblin!
* * * LOW HITPOINT WARNING * * *
You feel sick.
* * * LOW HITPOINT WARNING * * *
You feel sick.
You see here a +0 club.
* * * LOW HITPOINT WARNING * * *
You feel sick.
* * * LOW HITPOINT WARNING * * *
You feel sick.
It was a potion of might.
You feel very mighty all of a sudden.
You die...

#......##...............#.####..
#......###...#..........#.## ##.
#............#..........#..####.
#......................>........
#..........#...........#...†....
#..........#....##.............#
#..............###.............#
#.....^....#.#.###.....#.......#
##......###.....@.g......#.....##
#.).....###.......).............#
#.)####..†#..........<..........#
...# ###.#......>).............#
.#.# #.)....................##
.#g# ###.....................#
.g.# #.....................# .###
###)...†................# g#
................##.....##


You could see Robin.

Vanquished Creatures
  An orc priest (D:3)
  3 orc wizards (D:3)
  Natasha (thrice) (D:2)
  2 adders (D:2)
  2 worms (D:3)
  A dart slug (D:1)
  9 orcs
  5 endoplasms
  8 giant cockroaches
  6 hobgoblins
  8 jackals
  3 quokkas
  13 ball pythons
  6 bats
  3 frilled lizards
  15 goblins
  8 kobolds
  10 rats
106 creatures vanquished.

Notes
Turn   | Place    | Note
-------+----------+-------------------------------------------
     0 | D:1      | kae the Spriggan Enchanter began the quest for the Orb.
     0 | D:1      | Reached XP level 1. HP: 9/9 MP: 5/5
   159 | D:1      | Reached XP level 2. HP: 11/13 MP: 6/6
   172 | D:1      | Learned a level 2 spell: Ensorcelled Hibernation
  1024 | D:1      | Reached XP level 3. HP: 15/16 MP: 8/8
  1304 | D:1      | Found a faded altar of an unknown god.
  1615 | D:2      | Reached skill level 5 in Stealth
  1672 | D:2      | Noticed Natasha
  1682 | D:2      | Killed Natasha
  1683 | D:2      | Reached skill level 1 in Ice Magic
  1683 | D:2      | Reached XP level 4. HP: 21/21 MP: 6/9
  1731 | D:2      | Noticed Natasha
  1747 | D:2      | Killed Natasha
  1895 | D:2      | Noticed Natasha
  1912 | D:2      | Killed Natasha
  1913 | D:2      | Reached XP level 5. HP: 5/24 MP: 2/11
  3077 | D:3      | HP: 1/24 [orc priest/divine providence (16)]
  3546 | D:2      | Reached XP level 6. HP: 28/28 MP: 7/12
  4005 | D:3      | Noticed Robin
  4190 | D:3      | Succumbed to a goblin's poison

Illustrated notes

Levels and vault maps discovered:
D:1:      giann_bridges, layout_loops_corners, ebering_ecumenical_altar_mist
D:2:      layout_rooms, minmay_quantized, uniq_natasha
D:3:      layout_rooms, nemelex_dance_club_becter, uniq_robin

Skill      XL: |  1  2  3  4  5  6 |
---------------+-------------------+-----
Dodging        | 3 4 |  4.0
Short Blades   | 2 3 |  3.6
Spellcasting   | 3 |  3.6
Stealth        | 5 |  5.7
Hexes          | 4 |  4.5
Ice Magic      | 1 2 |  2.1

Action                   |  1- 3 |  4- 6 || total
-------------------------+-------+-------++-------
Melee: Dagger            |   117 |   175 ||   292
       Punch             |     1 |     1 ||     2
 Cast: Ensorcelled Hiber |     5 |    37 ||    42
  Use: Potion            |       |     1 ||     1
 Stab: Sleeping          |    17 |    21 ||    38
Armor: Robe              |    13 |     8 ||    21
Dodge: Dodged            |    70 |   112 ||   182

Table legend: (Time is in decaauts)
 A = Elapsed time spent in this place.
 B = Non-inter-level travel time spent in this place.
 C = Inter-level travel time spent in this place.
 D = Time resting spent in this place.
 E = Time spent auto-exploring this place.
 F = Levels seen in this place.
 G = Mean time per level.
                   A        B        C        D        E       F      G
               +--------+--------+--------+--------+--------+-----+--------+
         Total |   3482 |   3453 |     29 |   1089 |   1791 |   3 | 1160.7 |
       Dungeon |   3482 |   3453 |     29 |   1089 |   1791 |   3 | 1160.7 |
               +--------+--------+--------+--------+--------+-----+--------+

Top non-repeatable levels by time:
     D:2: 1420 daAuts
     D:1: 1245 daAuts
     D:3: 817 daAuts
